 Dungeon Crawl Stone Soup version 0.29-a0-721-g7f417c9bbb (webtiles) character file.

Game seed: 11072515364615723505

51731 Zonian the Covert (level 14, -2/72 HPs)
             Began as a Vine Stalker Ice Elementalist on June 27, 2022.
             Was a Priest of Uskayaw.
             Slain by a deep troll (6 damage)
             ... on level 15 of the Dungeon on June 28, 2022.
             The game lasted 01:05:11 (22776 turns).

Zonian the Covert (Vine Stalker Ice Elementalist)  Turns: 22776, Time: 01:05:12

Health: -2/72      AC: 15    Str: 14    XL:     14   Next: 60%
Magic:  0/38       EV: 16    Int: 15    God:    Uskayaw [***...]
Gold:   1681       SH:  0    Dex: 23    Spells: 16/33 levels left

rFire   . . .      SeeInvis .   c - +7 hammer (distort)
rCold   . . .      Faith    .   s - orb {*Rage}
rNeg    . . .      Spirit   +   C - +4 ring mail {rPois}
rPois   +          Reflect  .   D - +0 helmet
rElec   .          Harm     .   f - +2 cloak
rCorr   .          Rampage  .   l - +0 pair of gloves
Will    +....      Rage     20% q - +0 pair of boots
Stlth   +++++.....              I - amulet of magic regeneration
HPRegen 1.02/turn               o - ring of magical power
MPRegen 0.66/turn               K - +6 ring of dexterity

@: on berserk cooldown, slowed, very slow
A: fangs 3, regeneration 1, magic shield, antimagic bite, no potion heal 2
a: Renounce Religion, Stomp, Line Pass


You were on level 15 of the Dungeon.
You worshipped Uskayaw.
Uskayaw was noncommittal.
You visited 2 branches of the dungeon, and saw 20 of its levels.
You also visited: Gauntlet.

You collected 3001 gold pieces.
You spent 1320 gold pieces at shops.

Inventory:

Hand Weapons
 c - a +7 hammer of distortion (weapon)
Missiles
 S - 9 javelins
Armour
 f - a +2 cloak (worn)
 l - a +0 pair of gloves (worn)
 q - a +0 pair of boots (worn)
 s - an orb of wrath (worn)
 C - a +4 ring mail of poison resistance (worn)
 D - a +0 helmet (worn)
Jewellery
 e - a ring of poison resistance
 i - a ring of fire
 o - a ring of magical power (left hand)
 p - a ring of willpower
 y - a +6 ring of strength
 z - a ring of protection from cold
 E - a ring of flight
 I - an amulet of magic regeneration (around neck)
 K - a +6 ring of dexterity (right hand)
 R - a ring of protection from fire
 W - a ring of see invisible
 Y - a ring of wizardry
Wands
 b - a wand of iceblast (10)
 r - a wand of flame (46)
 t - a wand of light (7)
 F - a wand of polymorph (13)
 G - a wand of charming (22)
 J - a wand of digging (3)
 O - a wand of mindburst (12)
Scrolls
 d - 3 scrolls of teleportation
 k - 6 scrolls of blinking
 u - a scroll of magic mapping
 A - 2 scrolls of enchant armour
 H - 3 scrolls of poison
 L - 4 scrolls of amnesia
 M - a scroll of brand weapon
 Q - 2 scrolls of fear
 T - 15 scrolls of identify
 U - a scroll of enchant weapon
Potions
 g - 3 potions of might
 h - 16 potions of curing
 j - 2 potions of lignification
 m - a potion of cancellation
 n - 3 potions of degeneration
 v - a potion of invisibility
 w - 4 potions of brilliance
 x - a potion of attraction
 B - a potion of berserk rage
 N - 2 potions of mutation
 Z - a potion of haste
Miscellaneous
 a - a box of beasts
 V - a lightning rod (4/4)


   Skills:
 + Level 7.8 Fighting
 + Level 7.7 Maces & Flails
 + Level 8.3 Dodging
 + Level 12.8 Stealth
 + Level 10.2 Spellcasting
 + Level 6.3 Conjurations
 + Level 3.8 Summonings
 + Level 6.8 Transmutations
 + Level 10.6 Ice Magic
 + Level 3.3 Invocations
 + Level 3.1 Evocations


You had 16 spell levels left.
You knew the following spells:

 Your Spells              Type           Power      Damage    Failure   Level
a - Freeze                Ice            100%       1d11      1%          1
b - Frozen Ramparts       Ice            78%        1d9       1%          3
c - Ozocubu's Armour      Ice            39%        N/A       1%          3
d - Wereblood             Tmut           28%        N/A       1%          2
e - Hailstorm             Conj/Ice       33%        3d8       6%          4
f - Summon Ice Beast      Ice/Summ       29%        N/A       10%         4

Your spell library contained the following spells:

 Spells                   Type           Power      Damage    Failure   Level
 Magic Dart               Conj           100%       1d8       1%          1
 Searing Ray              Conj           52%        2d6       2%          2
 Sting                    Tmut/Pois      68%        1d6       4%          1
 Summon Small Mammal      Summ           76%        N/A       4%          1
 Call Canine Familiar     Summ           19%        N/A       12%         3
 Apportation              Tloc           14%        N/A       21%         1
 Necrotize                Necr           28%        1d5       21%         1
 Sandblast                Erth           14%        2d6       21%         1
 Summon Guardian Golem    Hex/Summ       13%        N/A       26%         3
 Poisonous Vapours        Pois/Air       14%        N/A       30%         2
 Sublimation of Blood     Necr           7%         N/A       30%         2
 Fulminant Prism          Conj/Hex       8%         3d7       47%         4
 Olgreb's Toxic Radiance  Pois           7%         N/A       89%         4
 Summon Cactus Giant      Summ           9%         N/A       99%         6
 Statue Form              Tmut/Erth      11%        N/A       100%        6
 Summon Hydra             Summ           9%         N/A       100%        7


Dungeon Overview and Level Annotations

Branches:
Dungeon (13/15)            Temple (0/1) D:5            Lair (6/6) D:11
  Swamp (0/4) Lair:4        Snake (0/4) Lair:4        Slime (0/5) Lair:5
    Orc (0/2) D:11        Gauntlet (visited)
 Vaults: D:13-14

Altars:
Ashenzari
Cheibriados
Dithmenos
Elyvilon
Fedhas
Kikubaaqudgha
Qazlal
Uskayaw
Jiyva

Shops:
D:2 (   D:3 :   D:11 **([   D:15 [

Annotations:
D:2 Sigmund
D:4 3 runed translucent doors, Phlounder's ghost, novice GnCj; pigah's ghost, amateur OpAE; riojii's ghost, amateur GrFi
D:8 2 transporters
Lair:6 2 transporters, zeratav's ghost, journeyman SpHu
Abyss:1 Amaemon; Eustachio


Innate Abilities, Weirdness & Mutations

You have razor-sharp teeth.
Your natural rate of healing is unusually fast.
When hurt, damage is shared between your health and your magic reserves.
Your bite disrupts and absorbs the magic of your enemies.
Potions cannot restore your health.


Message History

The wizard closely misses you.
The wizard howls an incantation.
The wizard shimmers violently.
The wizard casts a spell.
The wizard flickers and vanishes!
Deactivating autopickup; reactivate with Ctrl-A.
The orc sorcerer hits you but does no damage.
You sock something!
Space warps horribly around something!
The deep troll bites you! The deep troll claws you! The deep troll claws you.
You hear some strange, mumbled words.
The orc sorcerer hits you but does no damage.
You can now pass through a line of other dancers.
Unknown command.
You hit the orc sorcerer.
Space warps around the orc sorcerer.
The orc sorcerer is moderately wounded.
The deep troll bites you! The deep troll misses you. The deep troll claws you.
The orc sorcerer hits you with a +0 dagger.
The deep troll closely misses you. The deep troll claws you!
The deep troll claws you.
The orc sorcerer hits you with a +0 dagger.
You hit the orc sorcerer but do no damage.
Space warps horribly around the orc sorcerer!
Your bite misses the orc sorcerer.
The orc sorcerer is severely wounded.
Something tries to affect you, but you resist.
The deep troll closely misses you. The deep troll claws you. x2
The orc sorcerer casts a spell.
Uskayaw will force your foes to helplessly watch your dance.
Uskayaw prepares the audience for your solo!
The helpless orc sorcerer fails to defend itself.
You bludgeon the orc sorcerer!!
You kill the orc sorcerer!
The hellwing disappears in a puff of smoke!
The ettin is no longer paralysed.
The deep troll is no longer paralysed.
The ettin hits you with a +0 dire flail!!
* * * LOW HITPOINT WARNING * * *
The ettin closely misses you. The deep troll bites you!
* * * LOW HITPOINT WARNING * * *
The deep troll claws you!
You die...

#....#...#...........#.
#....#...#.......####.#
####....#...#.......#
..#.
........#...#.#####.#...
. .######.#####.# #..
#.......# #.#. #.......#
.# #...C...#..
#..@).....# #...T..###.
....ยง.......#
...............
..............#
...............
.########...... ......


You could see an ettin and a deep troll.

Vanquished Creatures
  An entropy weaver (Gauntlet)
  A minotaur (Gauntlet)
  8 hydras
  A boulder beetle (D:11)
  A catoblepas (Lair:2)
  A two-headed ogre (D:13)
  A tengu warrior (D:13)
  A hell hog (Gauntlet)
  Nergalle (Lair:2)
  Urug (Lair:2)
  Lodul (D:11)
  A lindwurm (Lair:2)
  A wizard (D:15)
  3 manticores
  An orc sorcerer (D:15)
  A cyclops (D:10)
  5 black mambas
  Joseph (D:7)
  9 elephants
  Psyche (D:8)
  6 cane toads
  An orange demon (Lair:3)
  A torpor snail (Lair:3)
  An unseen horror (D:10)
  A minotaur zombie (Gauntlet)
  4 rime drakes
  3 komodo dragons
  5 polar bears
  4 trolls
  3 hornets (Lair:6)
  11 blink frogs
  Prince Ribbit (D:8)
  3 dream sheep (Lair:6)
  A jumping spider (Gauntlet)
  13 spriggans (Lair:6)
  2 vampires
  A shadow (D:7)
  23 yaks
  2 wyverns
  6 basilisks
  2 fire bats (Gauntlet)
  6 vampire mosquitoes (D:12)
  A redback (Gauntlet)
  4 acid dragons
  2 swamp worms (Lair:4)
  Duvessa (D:7)
  4 nagas (Lair:4)
  16 water moccasins
  A hell hound (Gauntlet)
  A meliai simulacrum (D:12)
  A sky beast (D:4)
  6 orc warriors
  7 black bears
  9 ogres
  16 wolves
  4 centaurs
  4 boggarts (Lair:6)
  13 bullfrogs
  2 kobold brigands (D:8)
  4 scorpions (D:5)
  A gnoll sergeant (D:6)
  13 wights
  Dowan (D:7)
  6 killer bees
  An electric eel (D:11)
  A howler monkey (D:9)
  A lava snake (Lair:4)
  6 orc priests
  2 hounds
  Crazy Yiuf (D:2)
  2 jellies (D:6)
  2 iguanas
  Natasha (D:2)
  11 orc wizards
  11 gnolls
  8 adders
  A shadow imp (D:4)
  2 white imps (D:8)
  An ufetubus (D:5)
  3 worms
  8 dart slugs (D:4)
  30 orcs
  7 bats
  7 endoplasms
  3 giant cockroaches
  5 goblins
  10 hobgoblins
  4 jackals
  6 quokkas
  3 ball pythons
  7 frilled lizards
  19 kobolds
  3 rats (D:1)
424 creatures vanquished.

Vanquished Creatures (others)
  51 fungi
  33 plants
84 creatures vanquished.

Grand Total: 508 creatures vanquished

Notes
Turn   | Place    | Note
-------+----------+-------------------------------------------
     0 | D:1      | Zonian the Vine Stalker Ice Elementalist began the quest
                  | for the Orb.
     0 | D:1      | Reached XP level 1. HP: 9/9 MP: 4/4
    59 | D:1      | Found a faded altar of an unknown god.
   382 | D:1      | Reached XP level 2. HP: 13/13 MP: 6/6
   898 | D:1      | Reached skill level 3 in Stealth
  1026 | D:1      | Reached XP level 3. HP: 15/15 MP: 5/7
  1376 | D:2      | Found Ifegommach's Weapon Shoppe.
  1601 | D:2      | Noticed Natasha
  1642 | D:2      | Noticed Sigmund
  2551 | D:2      | Killed Natasha
  2552 | D:2      | Gained mutation: Your natural rate of healing is unusually
                  | fast. [Vine Stalker growth]
  2552 | D:2      | Reached XP level 4. HP: 19/21 MP: 9/9
  2568 | D:2      | Found a runed translucent door.
  2569 | D:2      | Noticed Crazy Yiuf
  2581 | D:2      | Killed Crazy Yiuf
  3220 | D:3      | Found a stormy altar of Qazlal.
  3304 | D:3      | Found a blossoming altar of Fedhas.
  3315 | D:3      | Reached XP level 5. HP: 24/24 MP: 10/10
  3320 | D:3      | Found Kumas's Book Emporium.
  3339 | D:3      | Reached skill level 4 in Stealth
  4403 | D:4      | Noticed a sky beast
  4416 | D:4      | Killed a sky beast
  4417 | D:4      | Reached skill level 5 in Ice Magic
  4417 | D:4      | Reached XP level 6. HP: 28/28 MP: 12/12
  4473 | D:4      | Found a runed translucent gate.
  4473 | D:4      | Found a runed translucent gate.
  4473 | D:4      | Found a runed translucent gate.
  4475 | D:4      | Noticed pigah's ghost (amateur OpAE)
  4477 | D:4      | Noticed Phlounder's ghost (novice GnCj)
  4477 | D:4      | Noticed riojii's ghost (amateur GrFi)
  4477 | D:4      | Noticed pigah's ghost (amateur OpAE)
  4684 | D:4      | Identified a scroll of acquirement
  4684 | D:4      | Acquired 647 gold pieces
  4848 | D:4      | Reached skill level 5 in Stealth
  5010 | D:5      | Entered Level 5 of the Dungeon
  5024 | D:5      | Found an ancient bone altar of Kikubaaqudgha.
  5026 | D:5      | Found a hide-covered altar of Uskayaw.
  5129 | D:5      | Reached XP level 7. HP: 32/32 MP: 14/14
  5151 | D:5      | Became a worshipper of Uskayaw the Reveller
  5167 | D:5      | Reached * piety under Uskayaw
  5189 | D:5      | Reached ** piety under Uskayaw
  5192 | D:5      | Reached *** piety under Uskayaw
  5372 | D:5      | Found a staircase to the Ecumenical Temple.
  5405 | D:5      | Reached skill level 6 in Stealth
  5436 | D:5      | Gained mutation: You have razor-sharp teeth. [Vine Stalker
                  | growth]
  5436 | D:5      | Reached XP level 8. HP: 36/36 MP: 16/16
  5562 | D:5      | Reached skill level 5 in Spellcasting
  5607 | D:5      | Found a white marble altar of Elyvilon.
  5829 | D:6      | Reached **** piety under Uskayaw
  5849 | D:6      | Reached ***** piety under Uskayaw
  6305 | D:6      | Learned a level 3 spell: Frozen Ramparts
  6309 | D:6      | Learned a level 3 spell: Ozocubu's Armour
  6641 | D:6      | Reached skill level 7 in Stealth
  6697 | D:6      | Reached skill level 1 in Fighting
  6697 | D:6      | Reached skill level 1 in Maces & Flails
  6864 | D:6      | Noticed Eustachio
  6891 | D:6      | Banished Eustachio
  6892 | D:6      | Reached XP level 9. HP: 42/42 MP: 18/18
  7140 | D:7      | Noticed Joseph
  7160 | D:7      | Killed Joseph
  7545 | D:7      | Reached skill level 5 in Dodging
  7597 | D:7      | Noticed Dowan
  7599 | D:7      | Noticed Duvessa
  7604 | D:7      | Killed Dowan
  7609 | D:7      | Killed Duvessa
  7613 | D:7      | Reached skill level 8 in Stealth
  7739 | D:7      | Found a shadowy altar of Dithmenos.
  7790 | D:7      | Found a snail-covered altar of Cheibriados.
  8042 | D:8      | Found a broken altar of Ashenzari.
  8146 | D:8      | Found a transporter.
  8225 | D:8      | Found a transporter.
  8701 | D:8      | Noticed Psyche
  8701 | D:8      | Noticed Prince Ribbit
  8709 | D:8      | Killed Psyche
  8710 | D:8      | Reached XP level 10. HP: 49/49 MP: 21/21
  8715 | D:8      | Killed Prince Ribbit
  9483 | D:9      | Learned a level 2 spell: Wereblood
  9644 | D:9      | Reached skill level 9 in Stealth
 10123 | D:10     | Entered Level 10 of the Dungeon
 10360 | D:10     | Noticed a cyclops
 10367 | D:10     | Killed a cyclops
 10445 | D:10     | Reached skill level 1 in Transmutations
 10612 | D:10     | Noticed an unseen horror
 10617 | D:10     | Killed an unseen horror
 11206 | D:11     | Noticed a boulder beetle
 11221 | D:11     | Killed a boulder beetle
 11222 | D:11     | Reached XP level 11. HP: 29/54 MP: 12/23
 11357 | D:11     | Found Uweffuuq's Armour Shoppe.
 11359 | D:11     | Found Qarghotz's Assorted Antiques.
 11359 | D:11     | Found Tocvogoe's General Store.
 11360 | D:11     | Found Zogrut's Weapon Emporium.
 11365 | D:11     | Bought a blackened copper wand for 120 gold pieces
 11365 | D:11     | Bought a potion of curing for 90 gold pieces
 11367 | D:11     | Bought a scroll of enchant weapon for 105 gold pieces
 11367 | D:11     | Bought a scroll of enchant weapon for 105 gold pieces
 11409 | D:11     | Found a stormy altar of Qazlal.
 11687 | D:11     | Found a staircase to the Lair.
 11697 | D:11     | Reached skill level 5 in Fighting
 11714 | D:11     | Reached skill level 5 in Maces & Flails
 11906 | D:11     | Reached skill level 10 in Stealth
 11909 | D:11     | Found a staircase to the Orcish Mines.
 11959 | D:11     | Learned a level 4 spell: Hailstorm
 12293 | D:11     | Noticed a manticore
 12299 | D:11     | Noticed Lodul
 12300 | D:11     | Killed a manticore
 12301 | D:11     | Reached skill level 1 in Conjurations
 12303 | D:11     | Killed Lodul
 12713 | Lair:1   | Entered Level 1 of the Lair of Beasts
 12835 | Lair:1   | Found a gate leading to a gauntlet.
 12852 | Gauntlet | Entered a Gauntlet
 12852 | Gauntlet | Found a transporter.
 12855 | Gauntlet | Noticed a hell hog
 12860 | Gauntlet | Noticed a wizard
 12861 | Gauntlet | Found a runed translucent door.
 12862 | Gauntlet | Found a transporter.
 12863 | Gauntlet | Found a runed translucent door.
 12864 | Gauntlet | Noticed a wizard
 12875 | Gauntlet | Found a transporter.
 12879 | Gauntlet | Found a transporter.
 12881 | Gauntlet | Found a large runed translucent door.
 12881 | Gauntlet | Found a large runed translucent door.
 12882 | Gauntlet | Found a large runed translucent door.
 12882 | Gauntlet | Found a large runed translucent door.
 12883 | Gauntlet | Found a large runed translucent door.
 12883 | Gauntlet | Found a large runed translucent door.
 12883 | Gauntlet | Found a runed translucent door.
 12883 | Gauntlet | Found a runed translucent door.
 12884 | Gauntlet | Found a large runed translucent door.
 12884 | Gauntlet | Found a large runed translucent door.
 12885 | Gauntlet | Found a large runed translucent door.
 12885 | Gauntlet | Found a large runed translucent door.
 12886 | Gauntlet | Found a large runed translucent door.
 12886 | Gauntlet | Found a large runed translucent door.
 12887 | Gauntlet | Found a runed translucent gate.
 12887 | Gauntlet | Found a runed translucent gate.
 12887 | Gauntlet | Found a runed translucent gate.
 12888 | Gauntlet | Noticed a death yak
 12888 | Gauntlet | Noticed a death yak
 12888 | Gauntlet | Noticed a necromancer
 12889 | Gauntlet | Noticed a death yak
 12889 | Gauntlet | Found a transporter.
 12889 | Gauntlet | Noticed a death yak
 12890 | Gauntlet | Noticed a death yak
 12900 | Gauntlet | Found a large runed translucent door.
 12901 | Gauntlet | Found a large runed translucent door.
 12910 | Gauntlet | Found a large runed translucent door.
 12910 | Gauntlet | Found a large runed translucent door.
 12910 | Gauntlet | Found a transporter.
 12910 | Gauntlet | Noticed an entropy weaver
 12914 | Gauntlet | Found a transporter.
 12918 | Gauntlet | Found a transporter.
 12947 | Gauntlet | Found a transporter.
 12948 | Gauntlet | Noticed a six-headed hydra
 12960 | Gauntlet | Found a transporter.
 12964 | Gauntlet | Found a transporter.
 12966 | Gauntlet | Noticed a glowing orange brain
 12968 | Gauntlet | a glowing orange brain changed into a water nymph
 12969 | Gauntlet | Noticed an anaconda
 12969 | Gauntlet | a water nymph changed into an anaconda
 12972 | Gauntlet | Noticed a great orb of eyes
 12972 | Gauntlet | an anaconda changed into a great orb of eyes
 12975 | Gauntlet | Found a transporter.
 12978 | Gauntlet | Noticed a radroach
 12978 | Gauntlet | a great orb of eyes changed into a radroach
 12979 | Gauntlet | Noticed a bunyip
 12979 | Gauntlet | a radroach changed into a bunyip
 12980 | Gauntlet | Noticed a shining eye
 12980 | Gauntlet | a slime creature changed into a shining eye
 12980 | Gauntlet | Noticed a seven-headed hydra
 12980 | Gauntlet | a bunyip changed into a seven-headed hydra
 12984 | Gauntlet | Noticed an ice dragon
 12984 | Gauntlet | a seven-headed hydra changed into an ice dragon
 12985 | Gauntlet | Noticed a great orb of eyes
 12985 | Gauntlet | an ice dragon changed into a great orb of eyes
 12990 | Gauntlet | Noticed a six-headed hydra
 12990 | Gauntlet | a great orb of eyes changed into a six-headed hydra
 12992 | Gauntlet | a six-headed hydra changed into something unseen
 12993 | Gauntlet | Noticed an ice dragon
 12994 | Gauntlet | Noticed a lindwurm
 12994 | Gauntlet | a shining eye changed into a lindwurm
 13006 | Gauntlet | Noticed a broodmother
 13006 | Gauntlet | an ice dragon changed into a broodmother
 13012 | Gauntlet | Noticed an anaconda
 13012 | Gauntlet | a broodmother changed into an anaconda
 13037 | Gauntlet | Killed a hell hog
 13041 | Gauntlet | Noticed a boulder beetle
 13041 | Gauntlet | Noticed a shock serpent
 13041 | Gauntlet | a boulder beetle changed into a shock serpent
 13042 | Gauntlet | Noticed a cyclops
 13042 | Gauntlet | a lindwurm changed into a cyclops
 13177 | Gauntlet | Noticed a deep troll
 13177 | Gauntlet | Noticed a sea snake
 13178 | Gauntlet | Noticed a two-headed ogre
 13178 | Gauntlet | a sea snake changed into a two-headed ogre
 13196 | Gauntlet | Noticed a death drake
 13196 | Gauntlet | a two-headed ogre changed into a death drake
 13208 | Gauntlet | HP: 1/84 [entropy weaver (11)]
 13209 | Gauntlet | Killed an entropy weaver
 13464 | Gauntlet | Noticed a minotaur
 13472 | Gauntlet | Killed a minotaur
 13473 | Gauntlet | Reached XP level 12. HP: 52/60 MP: 25/25
 13504 | Gauntlet | Identified the +8 mace of the Muttering Firefly {vorpal,
                  | Will+}
 14327 | Lair:2   | Noticed a catoblepas
 14694 | Lair:2   | Reached skill level 11 in Stealth
 14744 | Lair:2   | Noticed Nergalle
 14756 | Lair:2   | Killed Nergalle
 15273 | Lair:2   | Killed a catoblepas
 15326 | Lair:2   | Noticed Urug
 15338 | Lair:2   | Killed Urug
 15342 | Lair:2   | Reached skill level 5 in Transmutations
 16178 | Lair:3   | Reached XP level 13. HP: 66/66 MP: 27/27
 16276 | Lair:3   | Identified the +7 dagger "Suging" {flame, rF+ rC++ Str-2}
 16309 | Lair:3   | Reached ****** piety under Uskayaw
 16442 | Lair:3   | Acquired Kaoxteh's Catalogue of the Ashen Escort
 16449 | Lair:3   | Learned a level 4 spell: Summon Ice Beast
 16449 | Lair:3   | Acquired 614 gold pieces
 16567 | D:11     | Bought a lightning rod (4/4) for 900 gold pieces
 17097 | Lair:3   | Noticed Amaemon
 17115 | Lair:3   | Banished Amaemon
 17128 | Lair:3   | Reached skill level 10 in Ice Magic
 17401 | Lair:3   | Found a runed translucent door.
 17616 | Lair:3   | Reached skill level 1 in Summonings
 17991 | Lair:4   | Found a staircase to the Swamp.
 18006 | Lair:4   | Reached skill level 5 in Conjurations
 18072 | Lair:4   | Reached skill level 12 in Stealth
 18201 | Lair:4   | Reached skill level 1 in Invocations
 18204 | Lair:4   | Reached skill level 1 in Evocations
 18457 | Lair:4   | You fall into a shaft and drop 1 floor!
 18574 | Lair:5   | Identified the +7 shortbow "Nuwubyt" {freeze, rElec MP+9
                  | Str+2 SInv}
 18618 | Lair:5   | Found a viscous altar of Jiyva.
 18618 | Lair:5   | Found a staircase to the Slime Pits.
 19220 | Lair:4   | Found a staircase to the Snake Pit.
 20021 | Lair:6   | Entered Level 6 of the Lair of Beasts
 20110 | Lair:6   | Found a transporter.
 20145 | Lair:6   | Found a transporter.
 20151 | Lair:6   | Noticed zeratav's ghost (journeyman SpHu)
 20161 | Lair:6   | Reached XP level 14. HP: 70/72 MP: 28/28
 20437 | Lair:6   | Reached skill level 10 in Spellcasting
 22606 | D:13     | You fall into a shaft and drop 2 floors!
 22606 | D:15     | Entered Level 15 of the Dungeon
 22606 | D:15     | Found Zemeukhli's Armour Shoppe.
 22776 | D:15     | Slain by a deep troll

Illustrated notes

Levels and vault maps discovered:
D:1:      dpeg_arrival_signposts, layout_loops_cross,
          hellmonk_ecumenical_altar_crossroads, st_stairs_7, minmay_pentomino_r4
D:2:      layout_rooms, serial_shops, nicolae_shop_bloodbath_and_beyond,
          uniq_crazy_yiuf_cottage, uniq_sigmund, uniq_natasha
D:3:      layout_basic, nicolae_overflow_hidden_temple,
          mainiacjoe_overflow_brackets, serial_shops, nicolae_shop_stone,
          kennysheep_cross_room
D:4:      kennysheep_slugbush, layout_basic, gammafunk_ghost_cemetery,
          dreamdust_gnoll_farm
D:5:      layout_loops_ring, mainiacjoe_overflow_divided_tiny, elyvilon_altar_3,
          minmay_temple_entry_statues
D:6:      layout_basic, uniq_eustachio
D:7:      layout_rooms, lemuel_crystal_altar,
          nicolae_dithmenos_through_a_glass_darkly, grunt_decor_junction,
          uniq_joseph, uniq_duvessa
D:8:      gammafunk_steamed_eel, layout_basic,
          mainiacjoe_overflow_cross_hatched, nicolae_fountain_basement,
          uniq_psyche, uniq_prince_ribbit1
D:9:      layout_gridville
D:10:     layout_loops_ring
D:11:     layout_basic, minmay_lair_entry_grove, erik_orc_3,
          nicolae_wooded_promenade, nicolae_qazlal_scattered_showers, uniq_lodul
D:12:     layout_gridville
D:13:     layout_irregular_city, nicolae_splish_splash, uniq_rupert,
          uniq_azrael, uniq_sonja
D:15:     hangedman_depths_entry_civil_slaughter, layout_irregular_city,
          serial_shops, shop_statue
Lair:1:   layout_hall_layers, gauntlet_entry_generic, beast_lair_carwin_2
Lair:2:   layout_cave_shapes, nicolae_volcano_entry_vermiform, nzn_random_ring,
          uniq_urug, uniq_nergalle
Lair:3:   layout_roguey, pf_torpor_hydra, serial_bayou_shore_a, uniq_amaemon
Lair:4:   layout_gridlike, minmay_swamp_entry_worms,
          minmay_snake_entry_guardpost_medium
Lair:5:   layout_hall_layers, dpeg_slime_entry_enclosed, lemuel_fruit_tree
Lair:6:   minmay_lair_end_enchanted_forest, layout_long_grid,
          gammafunk_ghost_berserking_beasts

Skill      XL: |  1  2  3  4  5  6  7  8  9 10 11 12 13 14 |
---------------+-------------------------------------------+-----
Stealth        | 3 4 5 6 7 8 9 10 11 12 | 12.8
Dodging        | 2 3 4 5 6 7 8 |  8.3
Spellcasting   | 3 4 5 6 7 8 9 10 | 10.2
Ice Magic      | 5 6 7 8 9 10 | 10.6
Fighting       | 1 3 4 5 6 7 |  7.8
Maces & Flails | 1 3 4 5 6 7 |  7.7
Transmutations | 2 4 5 6 |  6.8
Conjurations   | 2 4 5 6 |  6.3
Summonings     | 2 3 |  3.8
Invocations    | 2 3 |  3.3
Evocations     | 2 3 |  3.1

Action                   |  1- 3 |  4- 6 |  7- 9 | 10-12 | 13-15 || total
-------------------------+-------+-------+-------+-------+-------++-------
Melee: Short sword       |    24 |       |       |       |       ||    24
       Unarmed           |     3 |       |       |       |       ||     3
       Bite              |     7 |    22 |    44 |   122 |   135 ||   330
       Dagger            |    43 |     5 |       |       |       ||    48
       Mace              |       |    94 |   192 |   384 |   407 ||  1077
 Cast: Freeze            |    20 |     3 |       |       |       ||    23
       Frozen Ramparts   |       |       |       |    11 |    12 ||    23
       Ozocubu's Armour  |       |       |       |     3 |     5 ||     8
Invok: Line Pass         |       |       |     1 |       |       ||     1
Evoke: Wand              |       |       |       |    12 |       ||    12
  Use: Scroll            |     5 |     5 |     9 |    15 |     2 ||    36
       Potion            |     1 |     4 |     1 |     2 |       ||     8
 Stab: Sleeping          |     5 |     8 |    16 |    14 |    17 ||    60
       Paralysed         |       |       |    13 |    22 |    23 ||    58
       Distracted        |       |       |       |     2 |     6 ||     8
Armor: Robe              |    26 |    51 |    60 |       |       ||   137
       Ring mail         |       |       |    26 |   214 |   202 ||   442
Dodge: Dodged            |    47 |    82 |   174 |   287 |   389 ||   979

Table legend: (Time is in decaauts)
 A = Elapsed time spent in this place.
 B = Non-inter-level travel time spent in this place.
 C = Inter-level travel time spent in this place.
 D = Time resting spent in this place.
 E = Time spent auto-exploring this place.
 F = Levels seen in this place.
 G = Mean time per level.
                   A        B        C        D        E       F      G
               +--------+--------+--------+--------+--------+-----+--------+
         Total |  23887 |  22407 |   1480 |   6326 |  10550 |  21 | 1137.5 |
       Dungeon |  15198 |  14210 |    988 |   3668 |   7485 |  14 | 1085.6 |
          Lair |   7732 |   7240 |    492 |   2052 |   3065 |   6 | 1288.7 |
      Gauntlet |    957 |    957 |      0 |    605 |      0 |   1 |  957.0 |
               +--------+--------+--------+--------+--------+-----+--------+

Top non-repeatable levels by time:
     D:1: 2318 daAuts
    D:11: 1841 daAuts
  Lair:2: 1645 daAuts
  Lair:3: 1400 daAuts
     D:6: 1383 daAuts
     D:9: 1328 daAuts
     D:4: 1313 daAuts
  Lair:4: 1303 daAuts
  Lair:6: 1292 daAuts
    D:10: 1127 daAuts
  Lair:1: 1123 daAuts
    D:12: 1085 daAuts
     D:7: 983 daAuts
     D:8: 972 daAuts
  Lair:5: 966 daAuts
